Map: Eternal Empire LE

Players

redleaf - Winner!

  • Race: Protoss Protoss
  • League: Platinum
  • Spawn Location: 1:00

A.I. 1 (Medium)

  • Race: Zerg Zerg
  • Spawn Location: 7:00

VOD

Have the link to the VOD?

Description

Time

  • Played on: May 5, 2020, 12:35 a.m.
  • Length: 12:18
Show
View Real Time Build Order
Export as new Build Order

redleaf Protoss - Winner!

Build Orders: 1 Gate Expand, Chargelot Immortal 

Get SALT Encoding   

  12  0:01  Probe  
  13  0:13  Probe  
  14  0:19  Pylon  
  14  0:25  Probe  
  15  0:37  Probe (Chrono Boost)  
  16  0:43  Gateway  
  16  0:47  Probe (Chrono Boost)  
  16  0:48  Assimilator  
  17  0:52  Probe (Chrono Boost)  
  18  1:03  Probe  
  19  1:25  Nexus  
  19  1:34  Cybernetics Core  
  19  1:37  Probe (Chrono Boost)  
  20  1:49  Probe (Chrono Boost)  
  21  1:58  Probe  
  21  2:07  Pylon  
  21  2:08  Warp Gate (Chrono Boost)  
  21  2:12  Adept  
  23  2:22  Assimilator  
  23  2:25  Probe  
  23  2:27  Gateway  
  24  2:38  Gateway  
  24  2:41  Probe (Chrono Boost)  
  26  2:47  Probe (Chrono Boost)  
  26  2:52  Probe (Chrono Boost)  
  26  2:55  Probe (Chrono Boost)  
  26  2:58  Probe, Adept  
  31  3:06  Probe  
  31  3:09  Pylon  
  31  3:12  Probe (Chrono Boost)  
  33  3:13  Robotics Facility  
  33  3:18  Probe (Chrono Boost)  
  36  3:27  Probe x2 (Chrono Boost)  
  36  3:32  Probe (Chrono Boost)  
  36  3:34  Probe  
  36  3:35  Twilight Council  
  38  3:44  Probe  
  38  3:46  Probe  
  40  3:55  Gateway  
  40  3:56  Probe  
  40  3:58  Probe, Gateway  
  40  4:00  Adept  
  40  4:01  Adept  
  46  4:03  Adept  
  46  4:07  Observer (Chrono Boost)  
  46  4:08  Probe  
  50  4:11  Probe  
  51  4:17  Pylon  
  51  4:20  Probe  
  51  4:21  Assimilator  
  51  4:23  Probe  
  53  4:28  Pylon  
  53  4:32  Observer  
  53  4:35  Probe x2  
  56  4:39  Zealot  
  56  4:40  Sentry  
  60  4:48  Probe  
  61  4:54  Gateway  
  61  4:56  Gateway  
  61  4:57  Probe  
  61  4:58  Pylon  
  61  4:59  Assimilator  
  62  5:01  Probe  
  62  5:03  Stalker  
  62  5:06  Immortal  
  69  5:12  Probe  
  70  5:16  Probe  
  71  5:24  Probe  
  71  5:26  Pylon  
  72  5:28  Probe  
  73  5:36  Probe  
  73  5:40  Probe  
  75  5:45  Immortal  
  75  5:47  Nexus  
  75  5:49  Probe, Pylon  
  80  5:53  Probe  
  81  5:58  Pylon  
  81  6:01  Probe  
  81  6:02  Stalker  
  84  6:07  Pylon  
  84  6:11  Templar Archives  
  84  6:25  Forge  
  84  6:29  Forge  
  84  6:32  Probe  
  85  6:37  Pylon  
  85  6:38  Stalker  
  85  6:39  Zealot  
  89  6:41  Adept  
  89  6:42  Zealot  
  89  6:45  Charge (Chrono Boost)  
  89  6:46  Warp Prism  
  95  6:47  Psionic Storm  
  95  6:50  Probe  
  95  6:53  Probe  
  97  6:55  Pylon  
  97  6:59  Protoss Ground Weapons Level 1 (Chrono Boost)  
  97  7:02  Probe  
  97  7:05  Probe, Assimilator  
  97  7:08  Assimilator  
  99  7:14  Probe  
  100  7:17  Probe  
  100  7:22  Shield Battery  
  101  7:25  Pylon  
  101  7:28  Pylon, Stalker x2  
  105  7:34  Probe x2  
  103  7:37  Probe  
  103  7:43  Gateway  
  104  7:46  Probe, Gateway  
  104  7:50  Gateway  
  104  7:51  High Templar x3  
  109  7:52  Gateway  
  109  7:54  Pylon  
  109  7:56  Pylon  
  111  8:05  High Templar  
  113  8:07  Zealot x2  
  113  8:08  Zealot  
  113  8:10  Pylon  
  117  8:21  Probe  
  117  8:24  High Templar  
  117  8:25  Zealot x2  
  124  8:33  Immortal  
  127  8:40  Zealot  
  129  8:41  Zealot  
  129  8:42  Zealot x4  
  139  8:50  Protoss Ground Armor Level 1 (Chrono Boost)  
  139  8:53  Nexus  
  139  9:02  High Templar  
  141  9:04  Zealot x4  
  141  9:05  Zealot  
  151  9:14  Photon Cannon  
  151  9:15  Zealot x4  
  159  9:21  Pylon  
  159  9:23  Sentry  
  161  9:24  Photon Cannon  
  161  9:29  Pylon, Shield Battery  
  161  9:32  Photon Cannon  
  161  9:33  Unknown  
  161  9:34  High Templar  
  161  9:35  Zealot  
  161  9:36  Zealot x4  
  173  9:39  Protoss Ground Weapons Level 2 (Chrono Boost)  
  173  9:50  Immortal  
  177  10:16  Zealot x3  
  177  10:17  Zealot x5  
  179  10:50  Immortal  
  183  10:57  Pylon  
  183  10:58  High Templar x4, Pylon  
  183  10:59  Zealot x3  
  183  11:00  Zealot  
  191  11:16  Colossus x2  
  181  12:08  Archon  
  181  12:09  Archon  
Show
View Real Time Build Order
Export as new Build Order

A.I. 1 (Medium) Zerg 

Build Orders: 1 Base Baneling Bust, Pool First 

Get SALT Encoding   

  12  0:00  Drone  
  13  0:12  Overlord  
  13  0:16  Drone  
  14  0:30  Drone  
  14  0:33  Drone  
  16  0:42  Spawning Pool  
  15  0:44  Drone  
  15  0:49  Drone  
  17  0:51  Extractor  
  17  0:55  Drone  
  17  1:05  Overlord  
  17  1:31  Zergling x2, Queen  
  20  1:37  Roach Warren  
  20  1:38  Drone, Extractor  
  19  1:47  Zergling x2  
  19  1:49  Drone  
  21  1:59  Drone  
  22  2:10  Overlord  
  22  2:21  Roach  
  24  2:37  Roach, Overlord  
  26  2:54  Roach  
  28  3:00  Drone  
  28  3:05  Drone  
  30  3:10  Roach  
  32  3:13  Overlord  
  32  3:18  Drone  
  33  3:22  Drone  
  33  3:26  Drone  
  35  3:31  Drone  
  36  3:39  Baneling Nest  
  37  3:41  Drone, Roach  
  37  3:48  Evolution Chamber  
  37  3:49  Drone  
  38  3:57  Roach  
  40  4:14  Roach  
  42  4:30  Roach  
  44  6:39  Drone, Lair, Overlord  
  45  6:42  Spore Crawler  
  45  6:43  Drone, Spore Crawler  
  45  6:44  Evolution Chamber  
  45  6:46  Drone  
  44  6:47  Hatchery  
  44  6:49  Drone  
  44  6:58  Drone  
  45  7:07  Drone, Spine Crawler  
  45  7:10  Spine Crawler  
  41  7:30  Zergling x2  
  41  7:36  Overseer  
  41  7:37  Queen, Overseer  
  31  7:40  Hydralisk Den  
  31  7:41  Drone, Roach  
  31  7:42  Infestation Pit  
  31  7:44  Drone  
  31  7:45  Spire  
  31  7:47  Drone  
  31  7:53  Roach  
  33  7:59  Drone, Queen  
  33  8:01  Drone  
  33  8:04  Drone, Roach  
  40  8:06  Extractor  
  40  8:07  Drone, Spore Crawler  
  40  8:09  Spore Crawler  
  40  8:10  Drone  
  39  8:13  Drone  
  39  8:16  Drone, Roach  
  39  8:19  Drone  
  44  8:22  Drone  
  44  8:25  Drone  
  46  8:27  Roach  
  46  8:28  Drone  
  46  8:31  Drone, Overlord  
  46  8:32  Spine Crawler  
  46  8:34  Drone, Spine Crawler  
  49  8:37  Drone  
  49  8:38  Roach  
  52  8:42  Drone  
  52  8:45  Drone  
  54  8:52  Drone  
  54  8:55  Hydralisk  
  57  8:56  Drone  
  57  8:59  Drone  
  57  9:01  Drone  
  60  9:04  Drone  
  60  9:06  Hydralisk, Overlord  
  60  9:07  Drone  
  64  9:10  Drone  
  64  9:15  Drone  
  66  9:17  Hydralisk  
  68  9:29  Hydralisk  
  70  10:23  Extractor  
  69  10:35  Overseer  
  69  10:36  Overlord  
  69  10:41  Zergling x2  
  69  10:45  Drone  
  69  10:48  Drone  
  71  10:59  Zergling x2, Overlord  
  71  11:00  Overseer  
  71  11:01  Pneumatized Carapace  
  71  11:03  Mutalisk  
  64  11:08  Zergling x2  
  64  11:10  Drone  
  44  11:12  Mutalisk  
  44  11:13  Drone  
  44  11:15  Overseer  
  44  11:16  Drone, Mutalisk  
  34  11:19  Drone  
  34  11:21  Zergling x2  
  34  11:22  Drone  
  34  11:25  Drone, Zergling x2  
  34  11:30  Zergling x2  
  33  11:34  Mutalisk  
  33  11:38  Mutalisk  
  35  11:43  Mutalisk  
  31  11:48  Zergling x2  
  31  11:54  Hydralisk  
  31  11:59  Drone x2  
  31  12:00  Drone  
  31  12:01  Drone  
  17  12:06  Drone  
Tags
 
Add a new tag
Caveats
  • Supply blocks, unpowered buildings, or Contaminate may cause inaccurate times.
  • Supply counts are checked every 10 seconds.